[Event "The Allsvenskan 2024/25 Div I 3: SS Manhem II - Linkopings ASS"]
[Site "Goteborgs Schackcentrum, Vegatan 20, Gothenburg, Sweden"]
[Date "2025.03.16"]
[Round "1.1"]
[White "Andersson, Mats"]
[Black "Lennerstad, Allan"]
[Result "1-0"]
[TimeControl "90 minutes for 40 moves + 30 minutes for the rest of the game + 30 seconds per move from move one."]
[WhiteTitle "FM"]
[WhiteFideId "1700561"]
[BlackFideId "1723774"]
[WhiteElo "2263"]
[BlackElo "1996"]

1. e4 c5 2. Nf3 d6 3. Bb5+ Nc6 4. O-O a6 5. Bxc6+ bxc6 6. d4 cxd4 7. Qxd4 e5 8. Qd3 Be7 9.
c4 h6 10. Nc3 Nf6 11. Rd1 c5 12. Nd2 O-O 13. Nf1 Re8 14. Ne3 Bf8 15. f3 Rb8 16. b3 Bb7 17. Bd2 Re6 18. Be1 Ne8 19.
Rab1 Rg6 20. Ncd5 a5 21. a3 Bc6 22. Qc3 Ra8 23. b4 axb4 24. axb4 cxb4 25. Nxb4 Bd7 26. Nbd5 Be6 27. c5 Bxd5 28.
Rxd5 Rc8 29. c6 Qc7 30. Rc1 Qb6 31. Bf2 Nc7 32. Rd2 Nb5 33. Nd5 Nxc3 34. Bxb6 Na4 35. c7 Re6 36. Ra2 Nc5 37.
Bxc5 dxc5 38. Rb1 Bd6 39. Rb7 c4 40. Kf1 Ree8 41. Ke2 f5 42. Ra6 Bc5 43. exf5 Kf7 44. Rc6 Bd4 45. Rxc4 Rf8 46.
Kd3 Ke8 47. Rxd4 exd4 48. Nb6 Ke7 49. Nxc8+ Rxc8 50. Kxd4 Kd6 51. Ra7 Kc6 52. Ra2 1-0

[Event "The Allsvenskan 2024/25 Div I 3: SS Manhem II - Linkopings ASS"]
[Site "Goteborgs Schackcentrum, Vegatan 20, Gothenburg, Sweden"]
[Date "2025.03.16"]
[Round "1.2"]
[White "Abrahamsson, Patrik"]
[Black "Klashed, Martin"]
[Result "0-1"]
[TimeControl "90 minutes for 40 moves + 30 minutes for the rest of the game + 30 seconds per move from move one."]
[WhiteFideId "1716484"]
[BlackFideId "1702033"]
[WhiteElo "1966"]
[BlackElo "2190"]

1. e4 c5 2. d4 cxd4 3. c3 Nf6 4. e5 Nd5 5. cxd4 d6 6. Nf3 Nc6 7. Bc4 Nb6 8. Bb3 dxe5 9. dxe5 Qxd1+ 10. Bxd1 Bg4 11. O-O e6 12. Nc3 Be7 13. Bf4 O-O 14. Be2 Rfd8 15. Rfd1 h6 16. Ne4 Nd5 17. Bg3 Kf8 18. Rac1 a6 19.
Nc5 Bxc5 20. Rxc5 Ndb4 21. h3 Bxf3 22. Bxf3 Rxd1+ 23. Bxd1 Nxa2 24. Bb3 Nab4 25. f4 Rd8 26. Bh4 Rd2 27.
f5 Rxb2 28. Bc4 b6 29. Rxc6 Nxc6 30. fxe6 fxe6 31. Bxe6 Nxe5 32. Bc8 a5 33. Bf2 Rb1+ 34. Kh2 a4 35. Bd4 Nc6 36. Bc3 b5 37.
Bf5 Rb3 38. Ba1 a3 39. Be6 Rb1 40. Bc3 b4 41. Bd2 b3 42. Bf4 a2 43. Bd6+ Ke8 0-1

[Event "The Allsvenskan 2024/25 Div I 3: SS Manhem II - Linkopings ASS"]
[Site "Goteborgs Schackcentrum, Vegatan 20, Gothenburg, Sweden"]
[Date "2025.03.16"]
[Round "1.3"]
[White "Pepic, Rizo"]
[Black "Lisander, Stefan"]
[Result "0-1"]
[TimeControl "90 minutes for 40 moves + 30 minutes for the rest of the game + 30 seconds per move from move one."]
[WhiteFideId "906760"]
[BlackFideId "1711733"]
[WhiteElo "2159"]
[BlackElo "1999"]

1. d4 d5 2. c4 c6 3. Nc3 Nf6 4. Nf3 e6 5. Bg5 dxc4 6. a4 Bb4 7. Bxf6 Qxf6 8. e3 Bxc3+ 9. bxc3 b5 10.
Qb1 a6 11. Ne5 O-O 12. Be2 Qe7 13. O-O f6 14. Nf3 Nd7 15. Nd2 Nb6 16. Bd1 Nd5 17. Qb2 e5 18. e4 Nf4 19. axb5 cxb5 20.
d5 Qc5 21. Bf3 a5 22. Qc2 Bd7 23. Rfd1 Rfc8 24. g3 Nh3+ 25. Kg2 Qxf2+ 26. Kh1 Qc5 27. Rdb1 Nf2+ 28. Kg1 Nxe4+ 29. Kh1 Nf2+ 30.
Kg1 Nd3+ 31. Kg2 f5 32.
Nf1 e4 33. Bd1 Qxd5 34. Be2 Qc5 35. Qd2 Bc6 36. Qe3 Qxe3 37. Nxe3 g6 38. h4 Kg7 39. h5 Kf6 40. hxg6 hxg6 41.
Rh1 Kg7 42. Ra2 Rh8 43. Rha1 a4 44. Rh1 Rxh1 45. Kxh1 Rh8+ 46. Kg2 Kf6 47. Ra1 Ke5 48.
Rf1 Bd7 49. Rb1 g5 0-1

[Event "The Allsvenskan 2024/25 Div I 3: SS Manhem II - Linkopings ASS"]
[Site "Goteborgs Schackcentrum, Vegatan 20, Gothenburg, Sweden"]
[Date "2025.03.16"]
[Round "1.4"]
[White "Olabe Odriozola, Eduardo"]
[Black "Fransson, Jorgen"]
[Result "0-1"]
[TimeControl "90 minutes for 40 moves + 30 minutes for the rest of the game + 30 seconds per move from move one."]
[WhiteFideId "2211980"]
[BlackFideId "1701827"]
[WhiteElo "1957"]
[BlackElo "2153"]

1. e4 c5 2. Nc3 Nc6 3. Bc4 e6 4. d3 a6 5. a4 Nf6 6. Bg5 Be7 7. f4 h6 8. Bh4 d5 9. exd5 Nxd5 10.
Bxe7 Ndxe7 11. Nf3 O-O 12. O-O b6 13. Kh1 Bb7 14. Qd2 Qc7 15. Nh4 Nd4 16. Rae1 Rad8 17. Ne4 Kh8 18. Ng3 b5 19.
axb5 axb5 20. Ba2 c4 21. f5 Ndxf5 22. Nhxf5 Nxf5 23. Nxf5 exf5 24. Rxf5 Qc6 25. Rf3 Qa6 26. Rh3 Qxa2 27.
Rxh6+ Kg8 28. Rb6 Rd7 29. Rxb5 cxd3 30. cxd3 Qa6 31. Rbe5 Rxd3 32. Qb4 Qc6 33. R5e4 Rfd8 34. h3 Rxh3+ 35. Kg1 Rhd3 36. R1e2 Rd2 37. Qe7 Rd1+ 38. Kf2 Qb6+ 39. R4e3 R1d3 40. Ke1 Rd1+ 41. Kf2 R1d3 42. Ke1 Rxe3 43.
Rxe3 Bxg2 0-1

[Event "The Allsvenskan 2024/25 Div I 3: SS Manhem II - Linkopings ASS"]
[Site "Goteborgs Schackcentrum, Vegatan 20, Gothenburg, Sweden"]
[Date "2025.03.16"]
[Round "1.5"]
[White "Rogoz, Vladyslav"]
[Black "Bertelsen, Peter"]
[Result "1/2-1/2"]
[TimeControl "90 minutes for 40 moves + 30 minutes for the rest of the game + 30 seconds per move from move one."]
[WhiteFideId "14176521"]
[BlackFideId "1723782"]
[WhiteElo "2099"]
[BlackElo "1939"]

1. d4 Nf6 2. c4 g6 3. Nc3 Bg7 4. e4 d6 5. f4 O-O 6. Nf3 e5 7. fxe5 dxe5 8. d5 a6 9. Bd3 Qe7 10.
Qe2 Nbd7 11. O-O Nc5 12. Bc2 Bg4 13. b4 Ncd7 14. Rb1 Nh5 15. Bg5 Qxg5 16. Nxg5 Bxe2 17. Nxe2 Bh6 18. Nh3 Ng7 19.
g4 Be3+ 20. Kg2 a5 21. Rb3 Bd2 22. a3 axb4 23. axb4 Ra2 24. Bd3 Ra4 25. Rfb1 Rfa8 26. Nhg1 Ra3 27. c5 Rxb3 28. Rxb3 Ra2 29.
Nf3 Bc1 30. Kf2 Ne8 31. Bb1 Rb2 32. Rxb2 Bxb2 33. Ne1 Kf8 34. Ke3 Ke7 35. Nd3 Ba1 36. Bc2 f6 37. Ba4 Ng7 38. Kd2 f5 39.
Bxd7 Kxd7 40. Nf2 f4 41. Nd3 g5 42. Nc3 Ne8 43. Nxe5+ Ke7 44. Nf3 Nf6 45. Nxg5 h6 46. Ne6 f3 47.
Nd1 Be5 48. Nf2 c6 49. Ke3 cxd5 50. Nd4 Bxh2 51. Nxf3 Bg3 52. e5 Bxf2+ 53. Kxf2 Nxg4+ 54. Kg3 Ne3 55. Nd4 Nc4 56. Kf4 h5 57.
Nf5+ Kd7 58. Ng7 h4 59. b5 h3 60. e6+ Ke7 61. Kg3 d4 62. Nf5+ Kxe6 63. Nxd4+ Kd5 64. Nb3 Nd2 65. c6 bxc6 66.
bxc6 Kxc6 1/2-1/2

[Event "The Allsvenskan 2024/25 Div I 3: SS Manhem II - Linkopings ASS"]
[Site "Goteborgs Schackcentrum, Vegatan 20, Gothenburg, Sweden"]
[Date "2025.03.16"]
[Round "1.6"]
[White "Jesus Saliba, Elias"]
[Black "Rosenbecker, Daniel"]
[Result "0-1"]
[TimeControl "90 minutes for 40 moves + 30 minutes for the rest of the game + 30 seconds per move from move one."]
[BlackTitle "CM"]
[WhiteFideId "1790420"]
[BlackFideId "1718959"]
[WhiteElo "1880"]
[BlackElo "2110"]

1. d4 d5 2. c4 c6 3. Nc3 Nf6 4. Nf3 e6 5. Bg5 Nbd7 6. e3 Qa5 7. Bxf6 Nxf6 8. Qc2 Be7 9. cxd5 exd5 10.
Bd3 O-O 11. O-O h6 12. a3 Bd6 13. b4 Qd8 14. Rfe1 Re8 15. e4 dxe4 16. Nxe4 Nxe4 17. Bxe4 Be6 18. Qd3 Qb6 19. Ne5 Rad8 20.
Nc4 Qa6 21. d5 cxd5 22. Bxd5 Be7 23. Bxb7 Qxb7 24. Qe2 Qa6 25. Ne5 Qxe2 26. Rxe2 Bf6 27. Rc1 Bg4 28. f3 Bxe5 29. fxg4 Bxh2+ 30. Kf1 Bg3 31. b5 Kh7 32. a4 Kg6 33. a5 Kg5 34. b6 axb6 35. a6 Kxg4 36. a7 f5 37. Ra1 Rxe2 38. Kxe2 Ra8 39.
Ra4+ f4 40. Kd3 b5 41. Ra6 g5 42. Ke4 Bf2 0-1

[Event "The Allsvenskan 2024/25 Div I 3: SS Manhem II - Linkopings ASS"]
[Site "Goteborgs Schackcentrum, Vegatan 20, Gothenburg, Sweden"]
[Date "2025.03.16"]
[Round "1.7"]
[White "Carlsson, Ingvar"]
[Black "Almemo, Fredrik"]
[Result "1-0"]
[TimeControl "90 minutes for 40 moves + 30 minutes for the rest of the game + 30 seconds per move from move one."]
[WhiteFideId "1702670"]
[BlackFideId "1721186"]
[WhiteElo "1995"]
[BlackElo "1901"]

1. e4 e6 2. d4 d5 3. Nc3 Nf6 4. e5 Ne4 5. Nxe4 dxe4 6. g3 c5 7. Be3 Nc6 8. Ne2 Qb6 9. Bg2 cxd4 10.
Nxd4 Nxe5 11. O-O Bc5 12. b4 Qxb4 13. Rb1 Qc4 14. Nb5 O-O 15. Nd6 Bxd6 16. Qxd6 Qd5 17. Bc5 Nd7 18. Ba3 Re8 19. Qb4 f5 20. c4 Qc6 21. Rfd1 Ne5 22. c5 Qc7 23.
Rd6 Bd7 24. Qd4 Nc6 25. Rxd7 Nxd4 26. Rxc7 Rab8 27. Rbxb7 Rxb7 28. Rxb7 Rd8 29. Bb2 Nf3+ 30. Bxf3 exf3 31. h4 Rd1+ 32.
Kh2 Rd2 33. Be5 Rxf2+ 34. Kg1 Rxa2 35. c6 Re2 36. c7 1-0

[Event "The Allsvenskan 2024/25 Div I 3: SS Manhem II - Linkopings ASS"]
[Site "Goteborgs Schackcentrum, Vegatan 20, Gothenburg, Sweden"]
[Date "2025.03.16"]
[Round "1.8"]
[White "Lennartsson, Johan"]
[Black "Malm, Simon"]
[Result "0-1"]
[TimeControl "90 minutes for 40 moves + 30 minutes for the rest of the game + 30 seconds per move from move one."]
[WhiteFideId "1721356"]
[BlackFideId "1759825"]
[WhiteElo "1826"]
[BlackElo "1976"]

1. e4 c5 2. a3 g6 3. c3 Nf6 4. d3 Bg7 5. Nf3 O-O 6. Be2 d6 7. O-O a5 8. Re1 Nc6 9. a4 Bd7 10.
Na3 Qb8 11. Nc4 b5 12. axb5 Qxb5 13. e5 Ne8 14. d4 cxd4 15. Nxd6 Qb8 16. Nxe8 Rxe8 17. cxd4 Nb4 18. Ng5 Bf5 19.
Qb3 e6 20. Bd1 Nd3 21. Re3 Qxb3 22. Bxb3 Reb8 23. Bc2 Nxc1 24. Bxf5 gxf5 25. Rxc1 Rxb2 26. Ra3 a4 27. Kf1 h6 28.
Nf3 Bf8 29. Raa1 a3 30. Ne1 Rd2 31. Nc2 Rc8 32. Ra2 Rxd4 33. Rca1 Ra4 34. g3 Rb8 35. f4 h5 36. Ke2 Rb3 37.
Kf2 h4 38. Kg2 hxg3 39. hxg3 Kg7 40. Rd1 Re4 41. Rd2 Rb2 42. Na1 Re1 43. Raxb2 axb2 44. Rxb2 Rxa1 45. Rc2 Bb4 46. Rb2 Be1 47.
Re2 Kg6 48. Kh3 Rd1 49. Rg2 Rd2 50. Rg1 Re2 51. Rf1 Bc3 52. Rg1 Re1 0-1